 Dungeon Crawl Stone Soup version 0.19.4-8-ga85b6b9 (webtiles) character file.

147 Naksu the Chopper (level 5, -6/47 HPs)
             Began as a Hill Orc Monk on Feb 10, 2017.
             Blown up by Ijyb (9 damage)
             ... with a wand of disintegration
             ... on level 2 of the Dungeon.
             The game lasted 00:06:04 (1208 turns).

Naksu the Chopper (Hill Orc Monk)                   Turns: 1208, Time: 00:06:05

Health: -6/47      AC:  7    Str: 15    XL:     5   Next: 29%
Magic:  0/5        EV: 12    Int: 10    God:
Gold:   80         SH:  0    Dex: 13    Spells: 0 memorised, 4 levels left

rFire  . . .     SeeInvis .     a - +0 hand axe
rCold  . . .     Gourm    .     o - +0 ring mail
rNeg   . . .     Faith    .     (no shield)
rPois  .         Spirit   +     m - +0 helmet
rElec  .         Reflect  .     (no cloak)
rCorr  .         Harm     .     (no gloves)
MR     .....                    n - +0 pair of boots
Stlth  +.........               j - amulet of guardian spirit
                                (no ring)
                                (no ring)

@: no status effects
A: no striking features
a: no special abilities


You were on level 2 of the Dungeon.
You were not hungry.

You visited 1 branch of the dungeon, and saw 2 of its levels.

You collected 80 gold pieces.

Inventory:

Hand Weapons
 a - a +0 hand axe (weapon)
Armour
 b - a +0 robe
 g - a +0 plate armour
 k - a +0 chain mail
 m - a +0 helmet (worn)
 n - a +0 pair of boots (worn)
 o - a +0 ring mail (worn)
Jewellery
 j - an amulet of guardian spirit (around neck)
Scrolls
 d - a scroll of teleportation {unknown}
 e - 2 scrolls of remove curse {unknown}
 l - a scroll of recharging {unknown}
Potions
 i - a potion of flight
Comestibles
 c - 2 bread rations
 f - a beef jerky
 h - 2 meat rations
 p - 3 chunks of flesh


   Skills:
 + Level 4.5 Fighting
 + Level 5.6 Axes
 + Level 0.7 Armour
 + Level 3.2 Dodging
 + Level 2.1 Stealth


You had 4 spell levels left.
You didn't know any spells.

Dungeon Overview and Level Annotations

Branches:
Dungeon (2/15)

Altars:

Annotations:
D:2 Ijyb


Message History

You kill the goblin!
Ijyb the Twisted Goblin comes into view.
She is wielding an enchanted club.
Ijyb shouts!
Found a scroll labeled LESEAL ROIGOMM.
Things that are here:
a club; a goblin corpse You hit the ball python.
You kill the ball python!
Ijyb screams, "Me stronger than you!"
Ijyb zaps a wand.
You are blasted!
* * * LOW HITPOINT WARNING * * *
It is a wand of disintegration.
Things that are here:
a bat corpse; a hobgoblin corpse
Things that are here:
a bat corpse; a hobgoblin corpse You aren't carrying any items that you can evoke.
Ijyb zaps a wand.
You barely resist.
Ijyb zaps a wand.
You are blasted!
You die...

.... ..#..# #.(.....÷....
....###.#..#
#......##.......
#.........#.#.####..##.#....
#.##.....#...# #..#.#....
#.†>.........### #........
#).....# .... ###......
##.g†..###.# #.####......
#.........###.....#.....
#......#@....#####.##....
..........##..........###.#.
##........#####..###........
##......## ##.÷..........
#....#.[ ##...........
......#### ##.###......
##....# #+# #...... ##.....
#.....


You could see Ijyb.

Vanquished Creatures
  Natasha (thrice) (D:2)
  3 gnolls (D:1)
  An ooze (D:1)
  A worm (D:1)
  3 dart slugs (D:1)
  2 leopard geckos
  A giant cockroach (D:1)
  2 goblins
  5 hobgoblins
  4 kobolds (D:1)
  A quokka (D:2)
  A ball python (D:2)
  4 bats
  2 frilled lizards (D:1)
  4 rats
37 creatures vanquished.

Notes
Turn   | Place    | Note
-------+----------+-------------------------------------------
     0 | D:1      | Naksu the Hill Orc Monk began the quest for the Orb.
     0 | D:1      | Reached XP level 1. HP: 19/19 MP: 1/1
    51 | D:1      | Reached XP level 2. HP: 27/27 MP: 2/2
   597 | D:1      | Reached XP level 3. HP: 31/33 MP: 3/3
   774 | D:2      | Noticed Natasha
   789 | D:2      | Killed Natasha
   789 | D:2      | Reached XP level 4. HP: 11/41 MP: 4/4
   852 | D:2      | Noticed Natasha
  1000 | D:1      | Reached skill level 5 in Axes
  1140 | D:2      | Killed Natasha
  1140 | D:2      | Reached XP level 5. HP: 13/47 MP: 2/5
  1172 | D:2      | Noticed Natasha
  1186 | D:2      | Killed Natasha
  1197 | D:2      | Noticed Ijyb
  1202 | D:2      | HP: 2/47 [disintegration (15)]
  1208 | D:2      | Blown up by Ijyb

Skill      XL: |  1  2  3  4 |
---------------+-------------+-----
Fighting       | 4 |  4.5
Stealth        | 2 |  2.1
Axes           | 5 |  5.6
Dodging        | 3 |  3.2
Armour         | |  0.7

Action                   |  1- 3 |  4- 6 || total
-------------------------+-------+-------++-------
Melee: Hand axe          |    97 |    69 ||   166
  Use: Potion            |     1 |       ||     1
 Stab: Sleeping          |     2 |       ||     2
  Eat: Chunk             |       |     1 ||     1
Armor: Robe              |     8 |     3 ||    11
       Ring mail         |       |    28 ||    28
Dodge: Dodged            |    64 |    66 ||   130
